 Dungeon Crawl Stone Soup version 0.29.0-4-gdea44cf6ec (webtiles) character file.

Game seed: 7385404238397394094

141647 qw the Tortoise (level 16, -14/155 HPs)
             Began as a Minotaur Berserker on Sept 4, 2022.
             Was an Elder of Trog.
             Shot with an arrow by a naga sharpshooter (20 damage)
             ... led by Vashnia
             ... on level 3 of the Snake Pit.
             The game lasted 00:12:11 (34819 turns).

qw the Tortoise (Minotaur Berserker)               Turns: 34819, Time: 00:12:12

Health: -14/155    AC: 31    Str: 28    XL:     16   Next: 78%
Magic:  15/15      EV:  8    Int:  4    God:    Trog [****..]
Gold:   563        SH: 19    Dex: 12    Spells: 15/15 levels left

rFire   + . .      SeeInvis +   Y - +3 broad axe (freeze)
rCold   + . .      Faith    .   b - +0 tower shield
rNeg    . . .      Spirit   .   x - +2 gold dragon scales
rPois   +          Reflect  .   (helmet restricted)
rElec   .          Harm     .   c - +0 cloak
rCorr   .          Rampage  .   v - +1 pair of gloves
Will    +....                   r - +1 pair of boots
Stlth   ..........              k - amulet of the acrobat
HPRegen 0.35/turn               i - ring of see invisible
MPRegen 0.14/turn               s - +4 ring of evasion

@: lethally poisoned (-14 -> -17), on berserk cooldown, constricted
A: horns 2, retaliatory headbutt
a: Renounce Religion, Berserk, Trog's Hand, Brothers in Arms


You were on level 3 of the Snake Pit.
You worshipped Trog.
Trog was greatly pleased with you.
You visited 4 branches of the dungeon, and saw 25 of its levels.

You collected 2626 gold pieces.
You spent 2063 gold pieces at shops.


Innate Abilities, Weirdness & Mutations

You have a pair of horns on your head.
You reflexively headbutt those who attack you in melee.


   Skills:
 - Level 17.0 Fighting
 - Level 18.0 Axes
 - Level 8.0 Throwing
 - Level 18.9 Armour
 - Level 7.0 Dodging
 + Level 16.6 Shields


You had 15 spell levels left.
You didn't know any spells.
Your spell library was empty.

Inventory:

Hand Weapons
 j - a +2 hand axe of flaming
 Y - a +3 broad axe of freezing (weapon)
Missiles
 o - 8 boomerangs
 A - 2 javelins (quivered)
Armour
 b - a +0 tower shield (worn)
 c - a +0 cloak (worn)
 r - a +1 pair of boots (worn)
 v - a +1 pair of gloves (worn)
 w - the +0 hat "Moecij" {rC+ Will+ Int-4 Dex+3}
   (You found it on level 5 of the Lair of Beasts)

   Int:       It affects your intelligence (-4).
   Dex:       It affects your dexterity (+3).
   rC:        It protects you from cold.
   Will:      It increases your willpower.
 x - +2 gold dragon scales (worn)
Jewellery
 e - a ring of protection from fire
 i - a ring of see invisible (left hand)
 k - an amulet of the acrobat (around neck)
 q - a ring of fire
 s - a +4 ring of evasion (right hand)
 C - a +6 ring of strength
 D - an amulet of regeneration
Wands
 g - a wand of digging (6)
Scrolls
 d - 11 scrolls of identify
 y - 6 scrolls of teleportation
Potions
 f - 4 potions of mutation
 h - 7 potions of curing
 l - a potion of resistance
 m - 6 potions of heal wounds
 n - a potion of cancellation
 p - 7 potions of might

Dungeon Overview and Level Annotations

Branches:
Dungeon (15/15)            Temple (0/1) D:7            Lair (5/5) D:8
 Shoals (0/4) Lair:2        Snake (3/4) Lair:3        Slime (0/5) Lair:5
    Orc (2/2) D:11            Elf (0/3) Orc:2        Vaults (0/5) D:13
 Depths (0/4) D:15

Altars:
Cheibriados
Elyvilon
Fedhas
Gozag
Hepliaklqana
Kikubaaqudgha
Makhleb
Nemelex Xobeh
Qazlal
Ru
Trog
Uskayaw
Vehumet
Wu Jian
Yredelemnul
Zin
The Shining One
Jiyva

Shops:
D:2 :   D:4 *   D:9 (?:*!   Orc:1 =   Orc:2 *(*[

Annotations:
D:3 1 runed translucent door, Crazy Yiuf
D:13 2 transporters, Xuta's ghost, journeyman FoFi; qw's ghost, journeyman FoCA
Snake:1 1 transporter, 1 runed translucent door, qw's ghost, adept TrCA
Snake:3 Vashnia


Message History

The naga sharpshooter magically shoots an arrow.
You block the arrow.
You miss Vashnia.
Vashnia is moderately wounded.
Vashnia unwields a +1 glaive of distortion.
Its appearance distorts for a moment.
Vashnia wields a +0 longbow.
Vashnia shoots an arrow.
The arrow barely misses you. Vashnia constricts you.
The naga sharpshooter mumbles some strange words.
The naga sharpshooter magically shoots an arrow.
You block the arrow.
You hit Vashnia.
Vashnia is heavily wounded.
Vashnia shoots an arrow.
You block the arrow. Vashnia constricts you.
The naga sharpshooter spits poison at you.
You block the splash of poison. Vashnia casts a spell at you.
The naga sharpshooter blinks!
Vashnia constricts you.
You slice Vashnia!! You freeze Vashnia. You headbutt Vashnia, but do no damage.
Vashnia is heavily wounded.
Vashnia spits poison at you.
The splash of poison hits you but does no damage.
You are poisoned.
You resist. Vashnia constricts you.
You miss Vashnia.
Vashnia is heavily wounded.
You feel very sick.
Vashnia shoots an arrow.
You block the arrow. Vashnia constricts you.
You closely miss Vashnia.
Vashnia is heavily wounded.
You feel yourself speed up.
You feel sick.
Vashnia shoots an arrow.
The arrow hits you!! Vashnia constricts you.
The naga sharpshooter casts a spell.
The naga sharpshooter magically shoots an arrow.
You block the arrow.
Vashnia shoots an arrow.
You block the arrow. Vashnia constricts you.
The naga sharpshooter gestures wildly while chanting.
The naga sharpshooter magically shoots an arrow.
The arrow hits you!!
You die...

##........# ##.#
.##.......# #.# ###
.####.....# #.# ..##
.####.#..#######.# ....#
.).##.##.......#.##.....
##....########...#......
..>...............)N....
.................N......
.......#######..@.#..... #
#...).....####))..###... ..
#......<#.....(..### .. ...
#.###...#......#....####
.... ..# .........####.....
..... ..# ##........^
.#..###.N.##. ..........##
#N..........
########...####<ยค...##....
#.....)...)....# #


You could see Vashnia and a naga sharpshooter.

Vanquished Creatures
  A tengu reaver (D:14)
  A nagaraja (Snake:2)
  An orc warlord (D:14)
  Nessos (Lair:4)
  Josephine (Orc:2)
  8 boulder beetles
  2 ogre magi
  11 hydras
  10 two-headed ogres
  A death knight (D:14)
  8 naga warriors
  10 death yaks
  10 centaur warriors
  2 catoblepae
  4 anacondas
  3 tengu warriors (D:13)
  An anaconda (shapeshifter) (D:14)
  4 naga sharpshooters
  Urug (D:13)
  A shock serpent (Snake:2)
  Nergalle (Lair:3)
  A fire crab (Lair:4)
  5 skeletal warriors (D:14)
  Amaemon (Lair:3)
  A salamander mystic (Snake:2)
  2 sea snakes (Snake:1)
  A wizard (D:14)
  A lindwurm (Lair:3)
  A mana viper (shapeshifter) (D:14)
  A wolf spider zombie (D:15)
  A necromancer (D:15)
  An orc knight (Orc:2)
  3 deep elf pyromancers
  11 cyclopes
  A wolf spider (D:14)
  7 ugly things
  9 orc sorcerers
  A moth of wrath (shapeshifter) (D:14)
  7 manticores
  4 salamanders
  20 elephants
  19 black mambas
  11 naga magi
  Maurice (D:9)
  A guardian serpent (Snake:1)
  An orange demon (Lair:3)
  8 cane toads
  2 centaur skeletons (D:15)
  A gargoyle (D:8)
  A torpor snail (Lair:3)
  5 komodo dragons
  An unseen horror (D:12)
  2 freezing wraiths (D:14)
  2 kobold demonologists
  A redback zombie (D:15)
  A komodo dragon (shapeshifter) (D:11)
  2 efreet
  A yaktaur (shapeshifter) (D:14)
  6 trolls
  8 hornets
  A polar bear (shapeshifter) (D:15)
  11 polar bears
  13 blink frogs
  4 slime creatures
  Grinder (D:4)
  2 dream sheep
  3 centaur simulacra
  15 spriggans (Lair:5)
  49 yaks
  A wyvern (D:9)
  3 shadows
  6 basilisks
  A vampire (D:11)
  4 wraiths
  A steam dragon (D:7)
  5 wargs
  Menkaure (D:4)
  6 vampire mosquitoes
  20 nagas
  2 acid dragons
  8 water moccasins
  15 orc warriors
  2 sky beasts
  4 black bears
  4 boggarts
  5 ogres
  20 wolves
  3 phantoms
  5 centaurs
  6 kobold brigands
  19 bullfrogs
  2 gnoll sergeants
  2 necrophages
  4 scorpions
  8 wights
  4 killer bees (D:10)
  6 howler monkeys
  5 electric eels
  A gnoll bouda (D:8)
  12 orc priests
  7 hounds
  3 iguanas
  Ijyb (D:5)
  12 hell rats
  51 orc wizards
  12 gnolls
  11 adders
  12 river rats (Lair:3)
  A shadow imp (D:6)
  3 white imps
  An ufetubus (D:5)
  A worm (D:2)
  7 dart slugs
  73 orcs
  8 endoplasms
  4 giant cockroaches (D:1)
  4 goblins
  8 hobgoblins
  7 jackals (D:4)
  8 quokkas
  7 ball pythons
  4 bats
  5 frilled lizards
  19 kobolds
  12 rats
  A spectral orc (D:5)
801 creatures vanquished.

Vanquished Creatures (collateral kills)
  Aizul (Snake:3)
  Snorg (D:13)
  2 hydras (Lair:4)
  A catoblepas (Lair:4)
  A two-headed ogre (D:13)
  A fire crab (Lair:4)
  A salamander mystic (Snake:3)
  A mana viper (Snake:3)
  A salamander (Snake:3)
  A torpor snail (Lair:4)
  A yak (Lair:4)
12 creatures vanquished.

Vanquished Creatures (others)
  A warg (Orc:2)
  2 orcs (Orc:2)
  A bush (D:7)
  15 fungi
  33 plants
52 creatures vanquished.

Grand Total: 865 creatures vanquished

Notes
Turn   | Place    | Note
-------+----------+-------------------------------------------
     0 | D:1      | qw the Minotaur Berserker began the quest for the Orb.
     0 | D:1      | Reached XP level 1. HP: 19/19 MP: 0/0
     0 | D:1      | 0 ||| qw: Version: 0.1-a-103-gd6f5d3a
     0 | D:1      | 0 ||| qw: Game counter: 5487
     0 | D:1      | 0 ||| qw: Always use a shield: true
     0 | D:1      | 0 ||| qw: Do Orc after D:15 true
     0 | D:1      | 0 ||| qw: Do second Lair branch before Depths: true
     0 | D:1      | 0 ||| qw: Lair rune preference: random
     0 | D:1      | 0 ||| qw: Plans: Normal
     0 | D:1      | 0 ||| PLANNING D:1-11
    35 | D:1      | 35 ||| Stepping ~*~*~tactically~*~*~ (stealth).
    52 | D:1      | 52 ||| Stepping ~*~*~tactically~*~*~ (stealth).
    88 | D:1      | Reached XP level 2. HP: 26/26 MP: 1/1
    94 | D:1      | Found a faded altar of an unknown god.
   105 | D:1      | 105 ||| Stepping ~*~*~tactically~*~*~ (stealth).
   311 | D:1      | 311 ||| Stepping ~*~*~tactically~*~*~ (hiding).
   329 | D:1      | 329 ||| Stepping ~*~*~tactically~*~*~ (hiding).
   625 | D:1      | Reached XP level 3. HP: 31/31 MP: 2/2
   835 | D:1      | 835 ||| DROPPING +0 club.
   949 | D:1      | 949 ||| UPGRADING to +0 chain mail.
   959 | D:1      | 959 ||| DROPPING +0 animal skin.
   960 | D:1      | 960 ||| UPGRADING to ring of see invisible.
   961 | D:1      | 961 ||| READING scroll labelled ORICOCSI DUCZU.
   962 | D:1      | 962 ||| READING scroll labelled KUPLIB ANUFUZO.
   963 | D:1      | 963 ||| READING scroll labelled KYASHU ROCSI.
   964 | D:1      | 964 ||| DRINKING 2 clear potions.
   965 | D:1      | 965 ||| DROPPING potion of brilliance.
  1034 | D:2      | 1034 ||| Stepping ~*~*~tactically~*~*~ (stealth).
  1036 | D:2      | Reached ** piety under Trog
  1109 | D:2      | 1109 ||| INVOKING Berserk.
  1463 | D:2      | Reached skill level 6 in Axes
  1463 | D:2      | Reached XP level 4. HP: 34/39 MP: 3/3
  1622 | D:2      | 1622 ||| Stepping ~*~*~tactically~*~*~ (stealth).
  1758 | D:2      | Found Nioddiwo's Book Boutique.
  1928 | D:2      | 1928 ||| DROPPING orb of mayhem.
  1929 | D:2      | 1929 ||| UPGRADING to ring of resist corrosion.
  1930 | D:2      | 1930 ||| READING scroll labelled PIH FOHIUC AWI.
  1931 | D:2      | 1931 ||| READING scroll labelled KOGAINUTIDD.
  1932 | D:2      | 1932 ||| DRINKING 5 metallic yellow potions.
  2296 | D:3      | Found a runed translucent door.
  2297 | D:3      | Noticed Crazy Yiuf
  2337 | D:3      | Found an ancient bone altar of Kikubaaqudgha.
  2339 | D:3      | Found a blossoming altar of Fedhas.
  2434 | D:3      | Found a burning altar of Makhleb.
  2681 | D:3      | 2681 ||| READING scroll labelled ONETRY ORAEMESHUA.
  2682 | D:3      | 2682 ||| READING scroll labelled VOVUITH XEMU.
  2683 | D:3      | 2683 ||| READING scroll labelled ALLETA MOMP.
  2779 | D:4      | Found Goilim's Lightly-Used Armoury.
  2792 | D:4      | 2792 ||| SHOPLISTING -1 pearl dragon scales (950 gold, have
                  | 170).
  2792 | D:4      | 2792 ||| BUYING -2 demon whip (50 gold).
  2792 | D:4      | Bought a -2 demon whip for 50 gold pieces
  2792 | D:4      | 2792 ||| SHOPLISTING -3 crystal plate armour (650 gold,
                  | have 120).
  2792 | D:4      | 2792 ||| DROPPING +0 whip.
  2816 | D:4      | Noticed Menkaure
  2817 | D:4      | 2817 ||| INVOKING Berserk.
  2817 | D:4      | Noticed Grinder
  2819 | D:4      | Killed Menkaure
  2820 | D:4      | Reached XP level 5. HP: 45/45 MP: 4/4
  2824 | D:4      | 2824 ||| INVOKING Trog's Hand.
  2835 | D:4      | 2835 ||| Stepping ~*~*~tactically~*~*~ (hiding).
  2840 | D:4      | 2840 ||| INVOKING Trog's Hand.
  2844 | D:4      | Killed Grinder
  2845 | D:4      | Reached XP level 6. HP: 42/57 MP: 5/5
  2864 | D:4      | 2864 ||| Stepping ~*~*~tactically~*~*~ (stealth).
  2865 | D:4      | 2865 ||| Stepping ~*~*~tactically~*~*~ (stealth).
  2866 | D:4      | 2866 ||| Stepping ~*~*~tactically~*~*~ (stealth).
  2867 | D:4      | 2867 ||| Stepping ~*~*~tactically~*~*~ (stealth).
  2957 | D:4      | 2957 ||| Stepping ~*~*~tactically~*~*~ (stealth).
  3164 | D:4      | 3164 ||| FLEEEEING.
  3165 | D:4      | 3165 ||| FLEEEEING.
  3166 | D:4      | 3166 ||| FLEEEEING.
  3167 | D:4      | 3167 ||| FLEEEEING.
  3168 | D:4      | 3168 ||| FLEEEEING.
  3169 | D:4      | 3169 ||| FLEEEEING.
  3170 | D:4      | 3170 ||| FLEEEEING.
  3171 | D:4      | 3171 ||| FLEEEEING.
  3172 | D:4      | 3172 ||| FLEEEEING.
  3180 | D:4      | 3180 ||| FLEEEEING.
  3181 | D:4      | 3181 ||| FLEEEEING.
  3182 | D:4      | 3182 ||| FLEEEEING.
  3183 | D:4      | 3183 ||| FLEEEEING.
  3184 | D:4      | 3184 ||| FLEEEEING.
  3185 | D:4      | 3185 ||| FLEEEEING.
  3198 | D:4      | 3198 ||| Stepping ~*~*~tactically~*~*~ (hiding).
  3199 | D:4      | 3199 ||| Stepping ~*~*~tactically~*~*~ (hiding).
  3202 | D:4      | 3202 ||| INVOKING Berserk.
  3360 | D:4      | 3360 ||| Stepping ~*~*~tactically~*~*~ (hiding).
  3361 | D:4      | 3361 ||| Stepping ~*~*~tactically~*~*~ (hiding).
  3366 | D:4      | 3366 ||| INVOKING Berserk.
  3491 | D:4      | 3491 ||| SWAPPING to +0 war axe.
  3492 | D:4      | 3492 ||| DROPPING +1 hand axe.
  3524 | D:4      | 3524 ||| READING scroll of enchant weapon.
  3524 | D:4      | 3524 ||| ENCHANTING +0 war axe.
  3533 | D:4      | Found a glowing silver altar of Zin.
  3533 | D:4      | Noticed an angel
  3620 | D:4      | Reached XP level 7. HP: 61/62 MP: 6/6
  3774 | D:4      | 3774 ||| UPGRADING to +0 plate armour.
  3784 | D:4      | 3784 ||| DROPPING +0 chain mail.
  3785 | D:4      | 3785 ||| DROPPING +1 scale mail of fire resistance.
  3786 | D:4      | 3786 ||| READING scroll labelled CUT NENOCIDYT.
  3787 | D:4      | 3787 ||| DRINKING 2 murky yellow potions.
  3788 | D:4      | 3788 ||| DRINKING 2 yellow potions.
  3789 | D:4      | 3789 ||| DROPPING potion of invisibility.
  3809 | D:5      | Entered Level 5 of the Dungeon
  3811 | D:5      | 3811 ||| Stepping ~*~*~tactically~*~*~ (stealth).
  3815 | D:5      | Reached skill level 3 in Armour
  3835 | D:5      | Reached skill level 9 in Axes
  3930 | D:5      | 3930 ||| Stepping ~*~*~tactically~*~*~ (stealth).
  3934 | D:5      | 3934 ||| Stepping ~*~*~tactically~*~*~ (stealth).
  3937 | D:5      | 3937 ||| Stepping ~*~*~tactically~*~*~ (stealth).
  3952 | D:5      | Found a sacrificial altar of Ru.
  3954 | D:5      | 3954 ||| Stepping ~*~*~tactically~*~*~ (stealth).
  3956 | D:5      | 3956 ||| Stepping ~*~*~tactically~*~*~ (hiding).
  4145 | D:5      | Noticed Ijyb
  4146 | D:5      | 4146 ||| Stepping ~*~*~tactically~*~*~ (hiding).
  4150 | D:5      | 4150 ||| INVOKING Berserk.
  4155 | D:5      | Killed Ijyb
  4337 | D:5      | Found a basalt altar of Yredelemnul.
  4446 | D:5      | 4446 ||| INVOKING Berserk.
  4584 | D:5      | 4584 ||| Stepping ~*~*~tactically~*~*~ (hiding).
  4588 | D:5      | 4588 ||| INVOKING Berserk.
  4592 | D:5      | Reached XP level 8. HP: 53/70 MP: 7/7
  4749 | D:5      | Found a glowing golden altar of the Shining One.
  4778 | D:5      | Reached skill level 6 in Fighting
  5029 | D:5      | 5029 ||| Stepping ~*~*~tactically~*~*~ (stealth).
  5058 | D:5      | Reached *** piety under Trog
  5073 | D:5      | 5073 ||| Stepping ~*~*~tactically~*~*~ (stealth).
  5149 | D:5      | 5149 ||| UPGRADING to +1 pair of boots.
  5154 | D:5      | 5154 ||| READING scroll labelled FITICI OCUUPH.
  5155 | D:5      | 5155 ||| READING scroll labelled ELIDWET ICZI.
  5156 | D:5      | 5156 ||| DRINKING 2 lumpy white potions.
  5157 | D:5      | 5157 ||| READING 2 scrolls of identify.
  5157 | D:5      | 5157 ||| IDENTIFYING lumpy yellow potion
  5158 | D:5      | 5158 ||| DROPPING potion of magic.
  5222 | D:6      | 5222 ||| Stepping ~*~*~tactically~*~*~ (stealth).
  5223 | D:6      | 5223 ||| Stepping ~*~*~tactically~*~*~ (stealth).
  5240 | D:6      | 5240 ||| READING scroll of enchant weapon.
  5240 | D:6      | 5240 ||| ENCHANTING +1 war axe.
  5266 | D:6      | 5266 ||| DRINKING 2 potions of curing.
  5266 | D:6      | 5266 ||| (to cure confusion)
  5267 | D:6      | 5267 ||| Stepping ~*~*~tactically~*~*~ (hiding).
  5515 | D:6      | 5515 ||| READING scroll of enchant weapon.
  5515 | D:6      | 5515 ||| ENCHANTING +2 war axe.
  5520 | D:6      | Found a hide-covered altar of Uskayaw.
  5715 | D:6      | Reached skill level 12 in Axes
  5934 | D:6      | 5934 ||| INVOKING Berserk.
  5938 | D:6      | Reached XP level 9. HP: 79/79 MP: 8/8
  6145 | D:6      | Reached skill level 6 in Armour
  6177 | D:6      | 6177 ||| INVOKING Berserk.
  6289 | D:6      | 6289 ||| UPGRADING to +0 cloak.
  6294 | D:6      | 6294 ||| DRINKING 2 lumpy blue potions.
  6334 | D:6      | 6334 ||| DRINKING 2 bubbling golden potions.
  6335 | D:6      | 6335 ||| DROPPING potion of lignification.
  6336 | D:6      | 6336 ||| DROPPING potion of degeneration.
  6435 | D:7      | 6435 ||| INVOKING Berserk.
  6475 | D:7      | 6475 ||| FLEEEEING.
  6536 | D:7      | Found an ornate altar of the Wu Jian Council.
  6810 | D:7      | 6810 ||| Stepping ~*~*~tactically~*~*~ (hiding).
  6864 | D:7      | Noticed a boulder beetle
  6870 | D:7      | 6870 ||| INVOKING Berserk.
  6873 | D:7      | 6873 ||| STAIRDANCE
  7011 | D:7      | 7011 ||| INVOKING Berserk.
  7019 | D:7      | Killed a boulder beetle
  7038 | D:7      | 7038 ||| FLEEEEING.
  7039 | D:7      | 7039 ||| FLEEEEING.
  7040 | D:7      | 7040 ||| STAIRDANCE
  7170 | D:7      | 7170 ||| FLEEEEING.
  7171 | D:7      | 7171 ||| FLEEEEING.
  7172 | D:7      | 7172 ||| FLEEEEING.
  7173 | D:7      | 7173 ||| FLEEEEING.
  7178 | D:7      | 7178 ||| Stepping ~*~*~tactically~*~*~ (hiding).
  7180 | D:7      | 7180 ||| Stepping ~*~*~tactically~*~*~ (hiding).
  7182 | D:7      | 7182 ||| Stepping ~*~*~tactically~*~*~ (hiding).
  7347 | D:7      | HP: 19/79 [centaur/arrow (6)]
  7348 | D:7      | 7348 ||| READING 3 scrolls of teleportation.
  7349 | D:7      | 7349 ||| DRINKING 5 potions of heal wounds.
  7581 | D:7      | Found a staircase to the Ecumenical Temple.
  7705 | D:7      | 7705 ||| Stepping ~*~*~tactically~*~*~ (hiding).
  7707 | D:7      | 7707 ||| Stepping ~*~*~tactically~*~*~ (hiding).
  7709 | D:7      | 7709 ||| Stepping ~*~*~tactically~*~*~ (hiding).
  7717 | D:7      | 7717 ||| Stepping ~*~*~tactically~*~*~ (hiding).
  8101 | D:7      | 8101 ||| UPGRADING to +0 pair of gloves.
  8106 | D:7      | 8106 ||| UPGRADING to +0 kite shield.
  8111 | D:7      | 8111 ||| UPGRADING to amulet of the acrobat.
  8116 | D:7      | 8116 ||| READING scroll labelled IRIGIN BAUJO.
  8117 | D:7      | 8117 ||| READING 2 scrolls of identify.
  8117 | D:7      | 8117 ||| IDENTIFYING pink potion
  8118 | D:7      | 8118 ||| DROPPING potion of ambrosia.
  8159 | D:8      | Reached skill level 3 in Shields
  8160 | D:8      | Reached XP level 10. HP: 72/88 MP: 9/9
  8166 | D:8      | 8166 ||| INVOKING Berserk.
  8175 | D:8      | HP: 31/130 [gnoll/+0 spear[a gnoll bouda] (4)]
  8179 | D:8      | HP: 13/130 [poisoned by a gnoll]
  8182 | D:8      | HP: 3/87 [poisoned by a gnoll]
  8183 | D:8      | 8183 ||| DRINKING 2 potions of curing.
  8183 | D:8      | 8183 ||| (to cure poison)
  8190 | D:8      | Noticed a gargoyle
  8191 | D:8      | 8191 ||| READING 2 scrolls of teleportation.
  8192 | D:8      | 8192 ||| DRINKING 4 potions of heal wounds.
  8477 | D:8      | 8477 ||| Stepping ~*~*~tactically~*~*~ (stealth).
  8483 | D:8      | 8483 ||| INVOKING Berserk.
  8490 | D:8      | Reached skill level 6 in Shields
  8539 | D:8      | Killed a gargoyle
  8540 | D:8      | 8540 ||| STAIRDANCE
  8699 | D:8      | Found an opulent altar of Gozag.
  8704 | D:8      | 8704 ||| INVOKING Berserk.
  8902 | D:8      | Found a snail-covered altar of Cheibriados.
  8953 | D:8      | Found a staircase to the Lair.
  9053 | D:8      | 9053 ||| Stepping ~*~*~tactically~*~*~ (stealth).
  9055 | D:8      | 9055 ||| Stepping ~*~*~tactically~*~*~ (hiding).
  9057 | D:8      | 9057 ||| Stepping ~*~*~tactically~*~*~ (hiding).
  9059 | D:8      | 9059 ||| Stepping ~*~*~tactically~*~*~ (hiding).
  9339 | D:8      | 9339 ||| PLANNING LAIR
  9339 | D:8      | 9339 ||| UPGRADING to +1 pair of gloves.
  9349 | D:8      | 9349 ||| DROPPING +0 pair of gloves.
  9401 | Lair:1   | Entered Level 1 of the Lair of Beasts
  9432 | Lair:1   | 9432 ||| INVOKING Berserk.
  9609 | Lair:1   | Noticed a cane toad
  9610 | Lair:1   | 9610 ||| INVOKING Berserk.
  9612 | Lair:1   | Killed a cane toad
  9721 | Lair:1   | 9721 ||| Stepping ~*~*~tactically~*~*~ (stealth).
  9723 | Lair:1   | 9723 ||| Stepping ~*~*~tactically~*~*~ (stealth).
  9731 | Lair:1   | 9731 ||| Stepping ~*~*~tactically~*~*~ (stealth).
  9732 | Lair:1   | 9732 ||| Stepping ~*~*~tactically~*~*~ (stealth).
  9739 | Lair:1   | Reached skill level 9 in Shields
  9781 | Lair:1   | 9781 ||| Stepping ~*~*~tactically~*~*~ (hiding).
  9838 | Lair:1   | 9838 ||| READING scroll of enchant weapon.
  9838 | Lair:1   | 9838 ||| ENCHANTING +3 war axe of freezing.
  9838 | Lair:1   | Noticed a seven-headed hydra
  9843 | Lair:1   | 9843 ||| SWAPPING to -2 demon whip.
  9844 | Lair:1   | 9844 ||| INVOKING Berserk.
  9851 | Lair:1   | Killed a seven-headed hydra
  9901 | Lair:1   | 9901 ||| SWAPPING to +4 war axe of freezing.
  9909 | Lair:1   | Noticed a cane toad
  9913 | Lair:1   | 9913 ||| INVOKING Berserk.
  9915 | Lair:1   | Killed a cane toad
 10421 | Lair:1   | 10421 ||| DROPPING ring of resist corrosion.
 10422 | Lair:1   | 10422 ||| UPGRADING to +4 ring of evasion.
 10424 | Lair:1   | 10424 ||| DROPPING ring of see invisible.
 10425 | Lair:1   | 10425 ||| READING 2 scrolls of identify.
 10425 | Lair:1   | 10425 ||| IDENTIFYING sedimented yellow potion
 10447 | Lair:2   | Noticed a cane toad
 10447 | Lair:2   | Found a staircase to the Shoals.
 10450 | Lair:2   | 10450 ||| INVOKING Berserk.
 10452 | Lair:2   | Killed a cane toad
 10453 | Lair:2   | Reached skill level 3 in Dodging
 10453 | Lair:2   | Reached XP level 11. HP: 94/94 MP: 10/10
 10573 | Lair:2   | 10573 ||| INVOKING Berserk.
 10962 | Lair:2   | 10962 ||| INVOKING Berserk.
 10964 | Lair:2   | Reached skill level 15 in Axes
 11083 | Lair:2   | 11083 ||| INVOKING Berserk.
 11086 | Lair:2   | Reached skill level 9 in Fighting
 11199 | Lair:2   | Identified the +10 shortbow of Giaset {freeze, Str+2 Int+6}
 11296 | Lair:2   | 11296 ||| Stepping ~*~*~tactically~*~*~ (water).
 11297 | Lair:2   | 11297 ||| INVOKING Berserk.
 11391 | Lair:2   | Noticed a seven-headed hydra
 11395 | Lair:2   | 11395 ||| SWAPPING to -2 demon whip.
 11396 | Lair:2   | 11396 ||| INVOKING Berserk.
 11403 | Lair:2   | Killed a seven-headed hydra
 11435 | Lair:2   | 11435 ||| SWAPPING to +4 war axe of freezing.
 11772 | Lair:2   | 11772 ||| DRINKING 2 bubbling amethyst potions.
 11773 | Lair:2   | 11773 ||| READING 2 scrolls of identify.
 11773 | Lair:2   | 11773 ||| IDENTIFYING glowing puce potion
 11774 | Lair:2   | 11774 ||| DROPPING potion of attraction.
 11790 | Lair:3   | Noticed Nergalle
 11790 | Lair:3   | Found a staircase to the Snake Pit.
 11794 | Lair:3   | 11794 ||| STAIRDANCE
 11883 | Lair:3   | 11883 ||| Stepping ~*~*~tactically~*~*~ (water).
 11884 | Lair:3   | 11884 ||| INVOKING Berserk.
 11887 | Lair:3   | Reached skill level 9 in Armour
 11894 | Lair:3   | Killed Nergalle
 11910 | Lair:3   | 11910 ||| FLEEEEING.
 11911 | Lair:3   | 11911 ||| STAIRDANCE
 12062 | Lair:3   | 12062 ||| STAIRDANCE
 12064 | Lair:2   | 12064 ||| INVOKING Berserk.
 12160 | Lair:3   | Reached XP level 12. HP: 102/106 MP: 11/11
 12204 | Lair:3   | 12204 ||| INVOKING Berserk.
 12218 | Lair:3   | 12218 ||| Stepping ~*~*~tactically~*~*~ (stealth).
 12234 | Lair:3   | 12234 ||| Stepping ~*~*~tactically~*~*~ (stealth).
 12236 | Lair:3   | 12236 ||| FLEEEEING.
 12237 | Lair:3   | 12237 ||| FLEEEEING.
 12238 | Lair:3   | 12238 ||| FLEEEEING.
 12239 | Lair:3   | 12239 ||| FLEEEEING.
 12240 | Lair:3   | 12240 ||| FLEEEEING.
 12241 | Lair:3   | 12241 ||| FLEEEEING.
 12242 | Lair:3   | 12242 ||| FLEEEEING.
 12243 | Lair:3   | 12243 ||| FLEEEEING.
 12244 | Lair:3   | 12244 ||| FLEEEEING.
 12245 | Lair:3   | 12245 ||| FLEEEEING.
 12289 | Lair:3   | 12289 ||| INVOKING Berserk.
 12410 | Lair:3   | 12410 ||| INVOKING Berserk.
 12525 | Lair:3   | Noticed Amaemon
 12532 | Lair:3   | 12532 ||| INVOKING Berserk.
 12539 | Lair:3   | Killed Amaemon
 12664 | Lair:3   | 12664 ||| DROPPING -2 demon whip.
 12684 | Lair:3   | Noticed a death yak
 12685 | Lair:3   | 12685 ||| Stepping ~*~*~tactically~*~*~ (stealth).
 12693 | Lair:3   | 12693 ||| Stepping ~*~*~tactically~*~*~ (stealth).
 12698 | Lair:3   | Noticed a death yak
 12699 | Lair:3   | 12699 ||| Stepping ~*~*~tactically~*~*~ (stealth).
 12706 | Lair:3   | Noticed a death yak
 12707 | Lair:3   | 12707 ||| Stepping ~*~*~tactically~*~*~ (stealth).
 12708 | Lair:3   | Noticed a death yak
 12709 | Lair:3   | 12709 ||| Stepping ~*~*~tactically~*~*~ (stealth).
 12711 | Lair:3   | Noticed a death yak
 12712 | Lair:3   | 12712 ||| Stepping ~*~*~tactically~*~*~ (stealth).
 12713 | Lair:3   | 12713 ||| INVOKING Berserk.
 12718 | Lair:3   | Killed a death yak
 12719 | Lair:3   | Noticed a death yak
 12723 | Lair:3   | Killed a death yak
 12728 | Lair:3   | Killed a death yak
 12734 | Lair:3   | Reached skill level 12 in Shields
 12735 | Lair:3   | HP: 27/110 [yak (11)]
 12736 | Lair:3   | 12736 ||| READING scroll of teleportation.
 12737 | Lair:3   | 12737 ||| DRINKING 3 potions of heal wounds.
 12821 | Lair:3   | 12821 ||| INVOKING Berserk.
 12825 | Lair:3   | Killed a death yak
 12831 | Lair:3   | Killed a death yak
 12831 | Lair:3   | Reached **** piety under Trog
 12837 | Lair:3   | Killed a death yak
 12839 | Lair:3   | Reached skill level 12 in Fighting
 13081 | Lair:3   | Found a bloodstained altar of Trog.
 13177 | Lair:3   | 13177 ||| FLEEEEING.
 13178 | Lair:3   | 13178 ||| FLEEEEING.
 13179 | Lair:3   | 13179 ||| FLEEEEING.
 13213 | Lair:3   | 13213 ||| Stepping ~*~*~tactically~*~*~ (stealth).
 13226 | Lair:3   | 13226 ||| Stepping ~*~*~tactically~*~*~ (stealth).
 13245 | Lair:3   | 13245 ||| Stepping ~*~*~tactically~*~*~ (stealth).
 13261 | Lair:3   | 13261 ||| INVOKING Berserk.
 13295 | Lair:3   | 13295 ||| Stepping ~*~*~tactically~*~*~ (stealth).
 13351 | Lair:3   | 13351 ||| Stepping ~*~*~tactically~*~*~ (stealth).
 13355 | Lair:3   | 13355 ||| READING scroll of enchant weapon.
 13355 | Lair:3   | 13355 ||| ENCHANTING +4 war axe of freezing.
 13363 | Lair:3   | 13363 ||| Stepping ~*~*~tactically~*~*~ (stealth).
 13387 | Lair:3   | 13387 ||| Stepping ~*~*~tactically~*~*~ (stealth).
 13388 | Lair:3   | 13388 ||| Stepping ~*~*~tactically~*~*~ (stealth).
 13389 | Lair:3   | 13389 ||| INVOKING Berserk.
 13736 | Lair:3   | 13736 ||| INVOKING Berserk.
 13847 | Lair:3   | 13847 ||| INVOKING Berserk.
 14227 | Lair:4   | Reached XP level 13. HP: 111/118 MP: 12/12
 14257 | Lair:4   | 14257 ||| INVOKING Berserk.
 14484 | Lair:4   | 14484 ||| INVOKING Brothers in Arms.
 14485 | Lair:4   | 14485 ||| INVOKING Brothers in Arms.
 14486 | Lair:4   | 14486 ||| INVOKING Brothers in Arms.
 14487 | Lair:4   | 14487 ||| INVOKING Brothers in Arms.
 14488 | Lair:4   | 14488 ||| SWAPPING to -2 demon whip of venom.
 14489 | Lair:4   | 14489 ||| INVOKING Berserk.
 14493 | Lair:4   | Reached skill level 1 in Throwing
 14646 | Lair:4   | 14646 ||| SWAPPING to +5 war axe of freezing.
 14698 | Lair:4   | Reached skill level 12 in Armour
 14751 | Lair:4   | 14751 ||| Stepping ~*~*~tactically~*~*~ (stealth).
 14755 | Lair:4   | 14755 ||| Stepping ~*~*~tactically~*~*~ (stealth).
 14759 | Lair:4   | 14759 ||| INVOKING Berserk.
 14960 | Lair:4   | 14960 ||| INVOKING Berserk.
 15066 | Lair:4   | 15066 ||| INVOKING Berserk.
 15219 | Lair:4   | 15219 ||| Stepping ~*~*~tactically~*~*~ (stealth).
 15224 | Lair:4   | 15224 ||| INVOKING Brothers in Arms.
 15225 | Lair:4   | 15225 ||| INVOKING Brothers in Arms.
 15226 | Lair:4   | 15226 ||| INVOKING Brothers in Arms.
 15227 | Lair:4   | 15227 ||| INVOKING Brothers in Arms.
 15228 | Lair:4   | 15228 ||| INVOKING Brothers in Arms.
 15229 | Lair:4   | 15229 ||| INVOKING Brothers in Arms.
 15230 | Lair:4   | 15230 ||| INVOKING Brothers in Arms.
 15231 | Lair:4   | 15231 ||| SWAPPING to -2 demon whip of venom.
 15232 | Lair:4   | 15232 ||| INVOKING Berserk.
 15237 | Lair:4   | Reached skill level 3 in Throwing
 15257 | Lair:4   | 15257 ||| SWAPPING to +5 war axe of freezing.
 15262 | Lair:4   | 15262 ||| Stepping ~*~*~tactically~*~*~ (cloud).
 15601 | Lair:4   | 15601 ||| INVOKING Brothers in Arms.
 15603 | Lair:4   | 15603 ||| SWAPPING to -2 demon whip of venom.
 15605 | Lair:4   | 15605 ||| SWAPPING to +5 war axe of freezing.
 15609 | Lair:4   | Noticed Nessos
 15618 | Lair:4   | Killed Nessos
 15631 | Lair:4   | 15631 ||| Stepping ~*~*~tactically~*~*~ (stealth).
 15632 | Lair:4   | 15632 ||| Stepping ~*~*~tactically~*~*~ (stealth).
 15659 | Lair:4   | 15659 ||| INVOKING Berserk.
 15855 | Lair:4   | Identified the +8 chain mail of Fortification {rF+ Stlth+}
 16100 | Lair:4   | 16100 ||| INVOKING Berserk.
 16271 | Lair:4   | 16271 ||| UPGRADING to +8 chain mail of Fortification {rF+
                  | Stlth+}.
 16281 | Lair:4   | 16281 ||| DROPPING +0 plate armour.
 16282 | Lair:4   | 16282 ||| DROPPING amulet of magic regeneration.
 16283 | Lair:4   | 16283 ||| READING scroll labelled MEEWKO REMIEKKYCK.
 16284 | Lair:4   | 16284 ||| READING scroll labelled FEOCIA LEIPO.
 16424 | Lair:5   | Entered Level 5 of the Lair of Beasts
 16425 | Lair:5   | 16425 ||| STAIRDANCE
 16427 | Lair:4   | 16427 ||| INVOKING Berserk.
 16540 | Lair:5   | 16540 ||| STAIRDANCE
 16542 | Lair:4   | 16542 ||| INVOKING Berserk.
 16547 | Lair:4   | Reached skill level 6 in Dodging
 16673 | Lair:5   | 16673 ||| STAIRDANCE
 16675 | Lair:4   | 16675 ||| INVOKING Berserk.
 16792 | Lair:5   | 16792 ||| STAIRDANCE
 16809 | Lair:5   | 16809 ||| INVOKING Berserk.
 16818 | Lair:5   | 16818 ||| SWAPPING to -2 demon whip of venom.
 16824 | Lair:5   | 16824 ||| SWAPPING to +5 war axe of freezing.
 16981 | Lair:5   | 16981 ||| READING scroll of enchant weapon.
 16981 | Lair:5   | 16981 ||| ENCHANTING +5 war axe of freezing.
 17008 | Lair:5   | 17008 ||| Stepping ~*~*~tactically~*~*~ (stealth).
 17010 | Lair:5   | 17010 ||| Stepping ~*~*~tactically~*~*~ (stealth).
 17014 | Lair:5   | 17014 ||| Stepping ~*~*~tactically~*~*~ (stealth).
 17019 | Lair:5   | 17019 ||| INVOKING Berserk.
 17190 | Lair:5   | 17190 ||| Stepping ~*~*~tactically~*~*~ (stealth).
 17196 | Lair:5   | 17196 ||| INVOKING Berserk.
 17209 | Lair:5   | 17209 ||| Stepping ~*~*~tactically~*~*~ (stealth).
 17210 | Lair:5   | 17210 ||| Stepping ~*~*~tactically~*~*~ (stealth).
 17279 | Lair:5   | 17279 ||| INVOKING Berserk.
 17324 | Lair:5   | Reached XP level 14. HP: 132/133 MP: 13/13
 17428 | Lair:5   | Identified the +0 hat "Moecij" {rC+ Will+ Int-4 Dex+3}
 17443 | Lair:5   | 17443 ||| INVOKING Berserk.
 17467 | Lair:5   | Reached skill level 15 in Fighting
 17505 | Lair:5   | 17505 ||| Stepping ~*~*~tactically~*~*~ (stealth).
 17537 | Lair:5   | 17537 ||| Stepping ~*~*~tactically~*~*~ (stealth).
 17540 | Lair:5   | 17540 ||| INVOKING Berserk.
 17649 | Lair:5   | 17649 ||| Stepping ~*~*~tactically~*~*~ (stealth).
 17663 | Lair:5   | 17663 ||| INVOKING Berserk.
 17792 | Lair:5   | 17792 ||| INVOKING Berserk.
 17952 | Lair:5   | Found a staircase to the Slime Pits.
 17953 | Lair:5   | Found a viscous altar of Jiyva.
 17972 | Lair:5   | 17972 ||| Stepping ~*~*~tactically~*~*~ (stealth).
 17982 | Lair:5   | 17982 ||| Stepping ~*~*~tactically~*~*~ (stealth).
 17983 | Lair:5   | 17983 ||| Stepping ~*~*~tactically~*~*~ (stealth).
 18070 | Lair:5   | 18070 ||| INVOKING Berserk.
 18239 | Lair:5   | 18239 ||| Stepping ~*~*~tactically~*~*~ (stealth).
 18248 | Lair:5   | 18248 ||| Stepping ~*~*~tactically~*~*~ (stealth).
 18251 | Lair:5   | 18251 ||| Stepping ~*~*~tactically~*~*~ (stealth).
 18253 | Lair:5   | 18253 ||| Stepping ~*~*~tactically~*~*~ (stealth).
 18254 | Lair:5   | 18254 ||| Stepping ~*~*~tactically~*~*~ (stealth).
 18255 | Lair:5   | 18255 ||| Stepping ~*~*~tactically~*~*~ (stealth).
 18300 | Lair:5   | 18300 ||| Stepping ~*~*~tactically~*~*~ (stealth).
 18315 | Lair:5   | Reached skill level 15 in Shields
 18504 | Lair:5   | 18504 ||| PLANNING D:1-11
 18504 | Lair:5   | 18504 ||| READING 4 scrolls of identify.
 18504 | Lair:5   | 18504 ||| IDENTIFYING green potion
 18653 | D:9      | 18653 ||| FLEEEEING.
 18654 | D:9      | 18654 ||| STAIRDANCE
 18726 | D:9      | Noticed Maurice
 18738 | D:9      | Killed Maurice
 18793 | D:9      | Found Ohon's Weapon Shoppe.
 18803 | D:9      | 18803 ||| BUYING +0 broad axe (40 gold).
 18803 | D:9      | Bought a +0 broad axe for 40 gold pieces
 18803 | D:9      | 18803 ||| BUYING +3 broad axe of electrocution (270 gold).
 18803 | D:9      | Bought a +3 broad axe of electrocution for 270 gold pieces
 18803 | D:9      | 18803 ||| SWAPPING to +3 broad axe of electrocution.
 18804 | D:9      | 18804 ||| DROPPING +0 broad axe.
 18805 | D:9      | 18805 ||| DROPPING +6 war axe of freezing.
 19009 | D:9      | Found Qialaj's Magic Scroll Boutique.
 19010 | D:9      | Found Mosicues's Book Boutique.
 19020 | D:9      | 19020 ||| BUYING scroll of brand weapon (133 gold).
 19020 | D:9      | Bought a scroll of brand weapon for 133 gold pieces
 19020 | D:9      | 19020 ||| BUYING scroll of identify (28 gold).
 19020 | D:9      | Bought a scroll of identify for 28 gold pieces
 19020 | D:9      | 19020 ||| BUYING scroll of identify (28 gold).
 19020 | D:9      | Bought a scroll of identify for 28 gold pieces
 19020 | D:9      | 19020 ||| BUYING scroll of teleportation (42 gold).
 19020 | D:9      | Bought a scroll of teleportation for 42 gold pieces
 19020 | D:9      | 19020 ||| BUYING scroll of teleportation (42 gold).
 19020 | D:9      | Bought a scroll of teleportation for 42 gold pieces
 19020 | D:9      | 19020 ||| BUYING scroll of teleportation (42 gold).
 19020 | D:9      | Bought a scroll of teleportation for 42 gold pieces
 19020 | D:9      | 19020 ||| READING scroll of brand weapon.
 19020 | D:9      | 19020 ||| BRANDING +3 broad axe of electrocution.
 19028 | D:9      | Found Kajitie's Assorted Antiques.
 19044 | D:9      | 19044 ||| BUYING potion of mutation (184 gold).
 19044 | D:9      | Bought a potion of mutation for 184 gold pieces
 19059 | D:9      | Reached ***** piety under Trog
 19066 | D:9      | Found Loonowin's Distillery.
 19079 | D:9      | 19079 ||| BUYING potion of curing (33 gold).
 19079 | D:9      | Bought a potion of curing for 33 gold pieces
 19079 | D:9      | 19079 ||| BUYING potion of curing (33 gold).
 19079 | D:9      | Bought a potion of curing for 33 gold pieces
 19079 | D:9      | 19079 ||| BUYING potion of curing (33 gold).
 19079 | D:9      | Bought a potion of curing for 33 gold pieces
 19079 | D:9      | 19079 ||| BUYING potion of heal wounds (55 gold).
 19079 | D:9      | Bought a potion of heal wounds for 55 gold pieces
 19079 | D:9      | 19079 ||| BUYING potion of heal wounds (55 gold).
 19079 | D:9      | Bought a potion of heal wounds for 55 gold pieces
 19079 | D:9      | 19079 ||| BUYING potion of might (44 gold).
 19079 | D:9      | Bought a potion of might for 44 gold pieces
 19079 | D:9      | 19079 ||| SHOPLISTING potion of resistance (110 gold, have
                  | 41).
 19321 | D:9      | Found a white marble altar of Elyvilon.
 19562 | D:10     | Entered Level 10 of the Dungeon
 19626 | D:10     | Found a sparkling altar of Nemelex Xobeh.
 19629 | D:10     | Paralysed by a hornet for 1 turns
 19632 | D:10     | 19632 ||| INVOKING Berserk.
 19640 | D:10     | 19640 ||| FLEEEEING.
 19641 | D:10     | 19641 ||| FLEEEEING.
 19642 | D:10     | 19642 ||| FLEEEEING.
 19643 | D:10     | 19643 ||| FLEEEEING.
 19649 | D:10     | 19649 ||| STAIRDANCE
 19974 | D:10     | 19974 ||| Stepping ~*~*~tactically~*~*~ (hiding).
 20231 | D:10     | Found a hazy altar of Hepliaklqana.
 20375 | D:10     | 20375 ||| FLEEEEING.
 20376 | D:10     | 20376 ||| FLEEEEING.
 20377 | D:10     | 20377 ||| FLEEEEING.
 20378 | D:10     | 20378 ||| FLEEEEING.
 20379 | D:10     | 20379 ||| FLEEEEING.
 20380 | D:10     | 20380 ||| FLEEEEING.
 20381 | D:10     | 20381 ||| FLEEEEING.
 20387 | D:10     | 20387 ||| STAIRDANCE
 20439 | D:9      | 20439 ||| DROPPING scarf of invisibility.
 20440 | D:9      | 20440 ||| READING scroll labelled BESOUSH ZEREDU.
 20645 | D:9      | 20645 ||| READING scroll labelled DOMEFOAWNO.
 20646 | D:9      | 20646 ||| DRINKING 2 puce potions.
 20647 | D:9      | 20647 ||| DROPPING potion of flight.
 20943 | D:11     | 20943 ||| STAIRDANCE
 20949 | D:11     | 20949 ||| STAIRDANCE
 20954 | D:11     | 20954 ||| STAIRDANCE
 20959 | D:11     | 20959 ||| STAIRDANCE
 20964 | D:11     | 20964 ||| STAIRDANCE
 21062 | D:11     | 21062 ||| Stepping ~*~*~tactically~*~*~ (stealth).
 21069 | D:11     | 21069 ||| Stepping ~*~*~tactically~*~*~ (hiding).
 21073 | D:11     | Found a staircase to the Orcish Mines.
 21153 | D:11     | 21153 ||| Stepping ~*~*~tactically~*~*~ (hiding).
 21301 | D:11     | 21301 ||| Stepping ~*~*~tactically~*~*~ (stealth).
 21364 | D:11     | 21364 ||| INVOKING Brothers in Arms.
 21365 | D:11     | 21365 ||| INVOKING Berserk.
 21753 | D:11     | 21753 ||| PLANNING D
 21753 | D:11     | 21753 ||| UPGRADING to +0 gold dragon scales.
 21763 | D:11     | 21763 ||| READING scroll labelled HIDDYLIOCUSK.
 21811 | D:12     | 21811 ||| Stepping ~*~*~tactically~*~*~ (hiding).
 22044 | D:12     | 22044 ||| Stepping ~*~*~tactically~*~*~ (hiding).
 22058 | D:12     | 22058 ||| Stepping ~*~*~tactically~*~*~ (stealth).
 22211 | D:12     | 22211 ||| FLEEEEING.
 22217 | D:12     | 22217 ||| FLEEEEING.
 22221 | D:12     | 22221 ||| FLEEEEING.
 22378 | D:12     | Found a frozen archway.
 22607 | D:13     | 22607 ||| Stepping ~*~*~tactically~*~*~ (stealth).
 22652 | D:13     | Reached skill level 18 in Axes
 22691 | D:13     | Received a gift from Trog
 22693 | D:13     | 22693 ||| DROPPING +7 vorpal war axe.
 22696 | D:13     | Found a transporter.
 22730 | D:13     | Noticed qw's ghost (journeyman FoCA)
 22776 | D:13     | Noticed Xuta's ghost (journeyman FoFi)
 22900 | D:13     | Identified the +5 shortbow of Asymu {flame, rPois rC+ rCorr
                  | Dex-5}
 22990 | D:13     | Found a transporter.
 23037 | D:13     | Noticed Urug
 23038 | D:13     | 23038 ||| INVOKING Brothers in Arms.
 23042 | D:13     | 23042 ||| INVOKING Berserk.
 23043 | D:13     | Killed Urug
 23045 | D:13     | Noticed Snorg
 23052 | D:13     | Killed Snorg
 23056 | D:13     | 23056 ||| INVOKING Trog's Hand.
 23063 | D:13     | 23063 ||| INVOKING Trog's Hand.
 23068 | D:13     | 23068 ||| INVOKING Brothers in Arms.
 23105 | D:13     | 23105 ||| INVOKING Berserk.
 23237 | D:13     | Found a gate to the Vaults.
 23300 | D:13     | 23300 ||| DRINKING potion of cancellation.
 23441 | D:13     | 23441 ||| Stepping ~*~*~tactically~*~*~ (hiding).
 23463 | D:13     | Reached XP level 15. HP: 83/141 MP: 14/14
 23785 | D:14     | 23785 ||| INVOKING Trog's Hand.
 23847 | D:14     | 23847 ||| Stepping ~*~*~tactically~*~*~ (hiding).
 23891 | D:14     | 23891 ||| INVOKING Berserk.
 23896 | D:14     | Reached skill level 6 in Throwing
 23922 | D:14     | 23922 ||| Stepping ~*~*~tactically~*~*~ (hiding).
 23943 | D:14     | Reached skill level 15 in Armour
 23946 | D:14     | 23946 ||| FLEEEEING.
 23947 | D:14     | 23947 ||| FLEEEEING.
 23948 | D:14     | 23948 ||| FLEEEEING.
 23949 | D:14     | 23949 ||| FLEEEEING.
 23950 | D:14     | 23950 ||| FLEEEEING.
 23951 | D:14     | 23951 ||| FLEEEEING.
 23952 | D:14     | 23952 ||| FLEEEEING.
 23953 | D:14     | 23953 ||| FLEEEEING.
 23954 | D:14     | 23954 ||| FLEEEEING.
 23955 | D:14     | 23955 ||| FLEEEEING.
 23956 | D:14     | 23956 ||| FLEEEEING.
 23957 | D:14     | 23957 ||| FLEEEEING.
 23958 | D:14     | 23958 ||| FLEEEEING.
 23959 | D:14     | 23959 ||| FLEEEEING.
 23960 | D:14     | 23960 ||| FLEEEEING.
 23961 | D:14     | 23961 ||| FLEEEEING.
 23962 | D:14     | 23962 ||| FLEEEEING.
 23963 | D:14     | 23963 ||| FLEEEEING.
 23964 | D:14     | 23964 ||| FLEEEEING.
 23965 | D:14     | 23965 ||| FLEEEEING.
 23966 | D:14     | 23966 ||| FLEEEEING.
 23967 | D:14     | 23967 ||| FLEEEEING.
 23968 | D:14     | 23968 ||| FLEEEEING.
 23969 | D:14     | 23969 ||| FLEEEEING.
 23970 | D:14     | 23970 ||| FLEEEEING.
 23971 | D:14     | 23971 ||| FLEEEEING.
 23972 | D:14     | 23972 ||| FLEEEEING.
 23973 | D:14     | 23973 ||| FLEEEEING.
 23974 | D:14     | 23974 ||| FLEEEEING.
 23975 | D:14     | 23975 ||| FLEEEEING.
 23976 | D:14     | 23976 ||| FLEEEEING.
 23977 | D:14     | 23977 ||| STAIRDANCE
 24144 | D:14     | 24144 ||| SWAPPING to -2 demon whip of venom.
 24145 | D:14     | 24145 ||| INVOKING Berserk.
 24179 | D:14     | 24179 ||| STAIRDANCE
 24181 | D:13     | 24181 ||| SWAPPING to +3 broad axe of freezing.
 24407 | D:14     | 24407 ||| SWAPPING to -2 demon whip of venom.
 24408 | D:14     | 24408 ||| INVOKING Berserk.
 24428 | D:14     | 24428 ||| SWAPPING to +3 broad axe of freezing.
 24445 | D:14     | 24445 ||| FLEEEEING.
 24446 | D:14     | 24446 ||| FLEEEEING.
 24448 | D:14     | 24448 ||| FLEEEEING.
 24449 | D:14     | 24449 ||| FLEEEEING.
 24450 | D:14     | 24450 ||| FLEEEEING.
 24465 | D:14     | 24465 ||| Stepping ~*~*~tactically~*~*~ (hiding).
 24531 | D:14     | Found a stormy altar of Qazlal.
 24533 | D:14     | 24533 ||| SWAPPING to -2 demon whip of venom.
 24535 | D:14     | 24535 ||| INVOKING Berserk.
 24552 | D:14     | 24552 ||| SWAPPING to +3 broad axe of freezing.
 24632 | D:14     | 24632 ||| Stepping ~*~*~tactically~*~*~ (stealth).
 24633 | D:14     | 24633 ||| Stepping ~*~*~tactically~*~*~ (stealth).
 24716 | D:14     | Noticed a tengu reaver
 24716 | D:14     | Noticed an orc warlord
 24716 | D:14     | Found the +10 morningstar "Eos" {elec, Halo rElec}
 24717 | D:14     | 24717 ||| Stepping ~*~*~tactically~*~*~ (hiding).
 24719 | D:14     | 24719 ||| Stepping ~*~*~tactically~*~*~ (hiding).
 24720 | D:14     | 24720 ||| Stepping ~*~*~tactically~*~*~ (hiding).
 24724 | D:14     | 24724 ||| INVOKING Berserk.
 24731 | D:14     | Killed an orc warlord
 24736 | D:14     | Killed a tengu reaver
 24747 | D:14     | 24747 ||| SWAPPING to -2 demon whip of venom.
 24758 | D:14     | 24758 ||| SWAPPING to +3 broad axe of freezing.
 24758 | D:14     | HP: 31/141 [manticore (6)]
 24759 | D:14     | 24759 ||| READING 8 scrolls of teleportation.
 24760 | D:14     | 24760 ||| DRINKING 8 potions of heal wounds.
 25114 | D:14     | 25114 ||| Stepping ~*~*~tactically~*~*~ (stealth).
 25132 | D:14     | 25132 ||| Stepping ~*~*~tactically~*~*~ (stealth).
 25157 | D:14     | 25157 ||| Stepping ~*~*~tactically~*~*~ (stealth).
 25173 | D:14     | 25173 ||| DROPPING -2 demon whip of venom.
 25271 | D:14     | 25271 ||| Stepping ~*~*~tactically~*~*~ (stealth).
 25321 | D:14     | 25321 ||| FLEEEEING.
 25322 | D:14     | 25322 ||| FLEEEEING.
 25324 | D:14     | 25324 ||| FLEEEEING.
 25325 | D:14     | 25325 ||| FLEEEEING.
 25326 | D:14     | 25326 ||| FLEEEEING.
 25327 | D:14     | 25327 ||| FLEEEEING.
 25328 | D:14     | 25328 ||| FLEEEEING.
 25329 | D:14     | 25329 ||| FLEEEEING.
 25330 | D:14     | 25330 ||| FLEEEEING.
 25331 | D:14     | 25331 ||| FLEEEEING.
 25332 | D:14     | 25332 ||| FLEEEEING.
 25336 | D:14     | 25336 ||| FLEEEEING.
 25337 | D:14     | 25337 ||| FLEEEEING.
 25338 | D:14     | 25338 ||| FLEEEEING.
 25339 | D:14     | 25339 ||| FLEEEEING.
 25340 | D:14     | 25340 ||| FLEEEEING.
 25400 | D:14     | 25400 ||| Stepping ~*~*~tactically~*~*~ (cloud).
 25401 | D:14     | 25401 ||| Stepping ~*~*~tactically~*~*~ (cloud).
 25402 | D:14     | 25402 ||| Stepping ~*~*~tactically~*~*~ (cloud).
 25403 | D:14     | 25403 ||| Stepping ~*~*~tactically~*~*~ (cloud).
 25460 | D:14     | 25460 ||| Stepping ~*~*~tactically~*~*~ (stealth).
 25473 | D:14     | 25473 ||| Stepping ~*~*~tactically~*~*~ (stealth).
 25487 | D:14     | 25487 ||| Stepping ~*~*~tactically~*~*~ (stealth).
 25488 | D:14     | 25488 ||| Stepping ~*~*~tactically~*~*~ (stealth).
 25489 | D:14     | 25489 ||| Stepping ~*~*~tactically~*~*~ (stealth).
 25490 | D:14     | 25490 ||| Stepping ~*~*~tactically~*~*~ (stealth).
 25493 | D:14     | 25493 ||| Stepping ~*~*~tactically~*~*~ (stealth).
 25498 | D:14     | 25498 ||| INVOKING Berserk.
 25517 | D:14     | 25517 ||| Stepping ~*~*~tactically~*~*~ (stealth).
 25518 | D:14     | 25518 ||| Stepping ~*~*~tactically~*~*~ (stealth).
 25677 | D:14     | 25677 ||| Stepping ~*~*~tactically~*~*~ (stealth).
 25679 | D:14     | 25679 ||| Stepping ~*~*~tactically~*~*~ (hiding).
 25689 | D:14     | 25689 ||| Stepping ~*~*~tactically~*~*~ (stealth).
 25789 | D:14     | 25789 ||| Stepping ~*~*~tactically~*~*~ (stealth).
 25976 | D:14     | 25976 ||| SWAPPING to +10 morningstar "Eos" {elec, Halo
                  | rElec}.
 25978 | D:14     | 25978 ||| INVOKING Berserk.
 26000 | D:14     | 26000 ||| SWAPPING to +3 broad axe of freezing.
 26161 | D:14     | 26161 ||| SWAPPING to +10 morningstar "Eos" {elec, Halo
                  | rElec}.
 26163 | D:14     | 26163 ||| INVOKING Berserk.
 26178 | D:14     | 26178 ||| SWAPPING to +3 broad axe of freezing.
 26270 | D:14     | 26270 ||| Stepping ~*~*~tactically~*~*~ (stealth).
 26460 | D:14     | 26460 ||| Stepping ~*~*~tactically~*~*~ (hiding).
 26461 | D:14     | 26461 ||| Stepping ~*~*~tactically~*~*~ (hiding).
 26532 | D:15     | Entered Level 15 of the Dungeon
 26605 | D:15     | 26605 ||| READING scroll of enchant armour.
 26605 | D:15     | 26605 ||| ENCHANTING +0 gold dragon scales.
 26624 | D:15     | 26624 ||| Stepping ~*~*~tactically~*~*~ (hiding).
 26696 | D:15     | 26696 ||| Stepping ~*~*~tactically~*~*~ (hiding).
 26751 | D:15     | 26751 ||| Stepping ~*~*~tactically~*~*~ (stealth).
 26753 | D:15     | 26753 ||| Stepping ~*~*~tactically~*~*~ (stealth).
 26761 | D:15     | 26761 ||| INVOKING Trog's Hand.
 26762 | D:15     | 26762 ||| INVOKING Berserk.
 26824 | D:15     | 26824 ||| Stepping ~*~*~tactically~*~*~ (stealth).
 26882 | D:15     | 26882 ||| INVOKING Berserk.
 27392 | D:15     | 27392 ||| DROPPING +1 war axe of electrocution.
 27470 | D:15     | 27470 ||| Stepping ~*~*~tactically~*~*~ (hiding).
 27471 | D:15     | 27471 ||| INVOKING Trog's Hand.
 27472 | D:15     | 27472 ||| INVOKING Berserk.
 27512 | D:15     | 27512 ||| FLEEEEING.
 27662 | D:15     | Reached XP level 16. HP: 151/151 MP: 15/15
 27709 | D:15     | Found a staircase to the Depths.
 27906 | D:15     | 27906 ||| PLANNING ORC
 28007 | Orc:1    | Entered Level 1 of the Orcish Mines
 28027 | Orc:1    | 28027 ||| Stepping ~*~*~tactically~*~*~ (stealth).
 28029 | Orc:1    | 28029 ||| Stepping ~*~*~tactically~*~*~ (stealth).
 28031 | Orc:1    | 28031 ||| Stepping ~*~*~tactically~*~*~ (hiding).
 28041 | Orc:1    | 28041 ||| INVOKING Trog's Hand.
 28043 | Orc:1    | 28043 ||| Stepping ~*~*~tactically~*~*~ (hiding).
 28045 | Orc:1    | 28045 ||| Stepping ~*~*~tactically~*~*~ (hiding).
 28046 | Orc:1    | 28046 ||| Stepping ~*~*~tactically~*~*~ (hiding).
 28047 | Orc:1    | 28047 ||| Stepping ~*~*~tactically~*~*~ (hiding).
 28050 | Orc:1    | 28050 ||| INVOKING Berserk.
 28053 | Orc:1    | Reached skill level 18 in Armour
 28318 | Orc:1    | 28318 ||| Stepping ~*~*~tactically~*~*~ (hiding).
 28333 | Orc:1    | 28333 ||| Stepping ~*~*~tactically~*~*~ (stealth).
 28339 | Orc:1    | 28339 ||| Stepping ~*~*~tactically~*~*~ (hiding).
 28341 | Orc:1    | 28341 ||| Stepping ~*~*~tactically~*~*~ (hiding).
 28458 | Orc:1    | Found Aghuntiu's Jewellery Shoppe.
 28466 | Orc:1    | 28466 ||| SHOPLISTING +4 ring of slaying (1092 gold, have
                  | 1033).
 28466 | Orc:1    | 28466 ||| BUYING +6 ring of strength (504 gold).
 28466 | Orc:1    | Bought a +6 ring of strength for 504 gold pieces
 28466 | Orc:1    | 28466 ||| BUYING amulet of regeneration (420 gold).
 28466 | Orc:1    | Bought an amulet of regeneration for 420 gold pieces
 28466 | Orc:1    | 28466 ||| SHOPLISTING ring of poison resistance (280 gold,
                  | have 109).
 28553 | Orc:1    | 28553 ||| DROPPING ring of positive energy.
 28554 | Orc:1    | 28554 ||| DROPPING ring of resist corrosion.
 28555 | Orc:1    | 28555 ||| DROPPING ring of protection from cold.
 28611 | Orc:2    | Entered Level 2 of the Orcish Mines
 28612 | Orc:2    | 28612 ||| STAIRDANCE
 28671 | Orc:2    | 28671 ||| STAIRDANCE
 28680 | Orc:2    | Noticed Josephine
 28686 | Orc:2    | 28686 ||| STAIRDANCE
 28834 | Orc:2    | Killed Josephine
 28840 | Orc:2    | 28840 ||| INVOKING Trog's Hand.
 28845 | Orc:2    | 28845 ||| INVOKING Berserk.
 28872 | Orc:2    | 28872 ||| FLEEEEING.
 28875 | Orc:2    | 28875 ||| FLEEEEING.
 28876 | Orc:2    | 28876 ||| FLEEEEING.
 28877 | Orc:2    | 28877 ||| STAIRDANCE
 28982 | Orc:2    | 28982 ||| STAIRDANCE
 29027 | Orc:2    | 29027 ||| DRINKING 9 potions of curing.
 29027 | Orc:2    | 29027 ||| (to cure confusion)
 29036 | Orc:2    | 29036 ||| Stepping ~*~*~tactically~*~*~ (hiding).
 29054 | Orc:2    | 29054 ||| Stepping ~*~*~tactically~*~*~ (stealth).
 29056 | Orc:2    | 29056 ||| Stepping ~*~*~tactically~*~*~ (hiding).
 29057 | Orc:2    | 29057 ||| Stepping ~*~*~tactically~*~*~ (hiding).
 29067 | Orc:2    | 29067 ||| INVOKING Trog's Hand.
 29071 | Orc:2    | 29071 ||| INVOKING Berserk.
 29084 | Orc:2    | 29084 ||| Stepping ~*~*~tactically~*~*~ (hiding).
 29085 | Orc:2    | 29085 ||| INVOKING Trog's Hand.
 29094 | Orc:2    | 29094 ||| FLEEEEING.
 29128 | Orc:2    | 29128 ||| Stepping ~*~*~tactically~*~*~ (stealth).
 29169 | Orc:2    | 29169 ||| DRINKING 8 potions of curing.
 29169 | Orc:2    | 29169 ||| (to cure confusion)
 29196 | Orc:2    | 29196 ||| Stepping ~*~*~tactically~*~*~ (hiding).
 29197 | Orc:2    | 29197 ||| Stepping ~*~*~tactically~*~*~ (hiding).
 29207 | Orc:2    | 29207 ||| Stepping ~*~*~tactically~*~*~ (stealth).
 29209 | Orc:2    | 29209 ||| Stepping ~*~*~tactically~*~*~ (hiding).
 29376 | Orc:2    | Found Pepoqa Zaezy's Weapon Emporium.
 29376 | Orc:2    | Found Loipso Udd's Assorted Antiques.
 29382 | Orc:2    | 29382 ||| BUYING metallic coppery potion (27 gold).
 29382 | Orc:2    | Bought a metallic coppery potion for 27 gold pieces
 29382 | Orc:2    | 29382 ||| SHOPLISTING potion of cancellation (240 gold,
                  | have 145).
 29382 | Orc:2    | 29382 ||| SHOPLISTING scroll of brand weapon (285 gold,
                  | have 145).
 29428 | Orc:2    | 29428 ||| Stepping ~*~*~tactically~*~*~ (hiding).
 29456 | Orc:2    | 29456 ||| Stepping ~*~*~tactically~*~*~ (stealth).
 29460 | Orc:2    | 29460 ||| INVOKING Trog's Hand.
 29462 | Orc:2    | 29462 ||| INVOKING Berserk.
 29469 | Orc:2    | Found Ypaejisa's Armour Emporium.
 29469 | Orc:2    | Found Xungelupu's Assorted Antiques.
 29497 | Orc:2    | 29497 ||| Stepping ~*~*~tactically~*~*~ (stealth).
 29533 | Orc:2    | 29533 ||| SHOPLISTING potion of heal wounds (185 gold, have
                  | 145).
 29543 | Orc:2    | 29543 ||| Stepping ~*~*~tactically~*~*~ (stealth).
 29546 | Orc:2    | 29546 ||| SHOPLISTING +1 cloak of Starlight {*Dazzle EV+4
                  | Stlth--} (335 gold, have 145).
 29546 | Orc:2    | 29546 ||| SHOPLISTING +1 plate armour "Dyeqajy" {Regen+
                  | MP-9 Str+4 Dex+4} (361 gold, have 145).
 29555 | Orc:2    | 29555 ||| DRINKING 7 potions of curing.
 29555 | Orc:2    | 29555 ||| (to cure confusion)
 29564 | Orc:2    | 29564 ||| DROPPING +10 morningstar "Eos" {elec, Halo
                  | rElec}.
 29565 | Orc:2    | 29565 ||| DROPPING +0 vampiric morningstar.
 29570 | Orc:2    | 29570 ||| Stepping ~*~*~tactically~*~*~ (stealth).
 29621 | Orc:2    | 29621 ||| Stepping ~*~*~tactically~*~*~ (stealth).
 29622 | Orc:2    | 29622 ||| Stepping ~*~*~tactically~*~*~ (stealth).
 29623 | Orc:2    | 29623 ||| Stepping ~*~*~tactically~*~*~ (stealth).
 29624 | Orc:2    | 29624 ||| Stepping ~*~*~tactically~*~*~ (hiding).
 29625 | Orc:2    | 29625 ||| Stepping ~*~*~tactically~*~*~ (hiding).
 29626 | Orc:2    | 29626 ||| Stepping ~*~*~tactically~*~*~ (hiding).
 29629 | Orc:2    | 29629 ||| Stepping ~*~*~tactically~*~*~ (hiding).
 29632 | Orc:2    | 29632 ||| Stepping ~*~*~tactically~*~*~ (hiding).
 29676 | Orc:2    | Found a staircase to the Elven Halls.
 29683 | Orc:2    | 29683 ||| INVOKING Berserk.
 30039 | Orc:2    | 30039 ||| READING 12 scrolls of identify.
 30039 | Orc:2    | 30039 ||| IDENTIFYING metallic coppery potion
 30040 | Orc:2    | 30040 ||| DROPPING potion of berserk rage.
 30269 | Orc:1    | 30269 ||| PLANNING SNAKE:1-3
 30502 | Snake:1  | Entered Level 1 of the Snake Pit
 30518 | Snake:1  | Found a transporter.
 30522 | Snake:1  | Found a radiant altar of Vehumet.
 30621 | Snake:1  | 30621 ||| INVOKING Berserk.
 30628 | Snake:1  | HP: 56/232 [constriction (3)]
 31032 | Snake:1  | 31032 ||| Stepping ~*~*~tactically~*~*~ (hiding).
 31034 | Snake:1  | 31034 ||| Stepping ~*~*~tactically~*~*~ (hiding).
 31035 | Snake:1  | 31035 ||| Stepping ~*~*~tactically~*~*~ (hiding).
 31211 | Snake:1  | 31211 ||| Stepping ~*~*~tactically~*~*~ (stealth).
 31314 | Snake:1  | 31314 ||| Stepping ~*~*~tactically~*~*~ (stealth).
 31316 | Snake:1  | 31316 ||| Stepping ~*~*~tactically~*~*~ (hiding).
 31384 | Snake:1  | 31384 ||| Stepping ~*~*~tactically~*~*~ (stealth).
 31386 | Snake:1  | 31386 ||| Stepping ~*~*~tactically~*~*~ (stealth).
 31390 | Snake:1  | 31390 ||| Stepping ~*~*~tactically~*~*~ (hiding).
 31528 | Snake:1  | Found a runed translucent door.
 31528 | Snake:1  | Noticed qw's ghost (adept TrCA)
 31871 | Snake:1  | 31871 ||| INVOKING Berserk.
 31997 | Snake:1  | 31997 ||| UPGRADING to +0 kite shield of protection.
 32007 | Snake:1  | 32007 ||| DROPPING +0 kite shield.
 32054 | Snake:2  | 32054 ||| Stepping ~*~*~tactically~*~*~ (hiding).
 32062 | Snake:2  | 32062 ||| Stepping ~*~*~tactically~*~*~ (hiding).
 32220 | Snake:2  | 32220 ||| Stepping ~*~*~tactically~*~*~ (hiding).
 32221 | Snake:2  | 32221 ||| Stepping ~*~*~tactically~*~*~ (hiding).
 32333 | Snake:2  | 32333 ||| Stepping ~*~*~tactically~*~*~ (hiding).
 32334 | Snake:2  | 32334 ||| Stepping ~*~*~tactically~*~*~ (hiding).
 32439 | Snake:2  | 32439 ||| READING scroll of enchant armour.
 32439 | Snake:2  | 32439 ||| ENCHANTING +1 gold dragon scales.
 32901 | Snake:2  | Identified the +1 helmet of Going Fast {rC+}
 32952 | Snake:2  | 32952 ||| INVOKING Berserk.
 32973 | Snake:2  | 32973 ||| INVOKING Brothers in Arms.
 32974 | Snake:2  | HP: 22/155 [naga warrior/+0 long sword (31)]
 32975 | Snake:2  | 32975 ||| READING 8 scrolls of teleportation.
 32976 | Snake:2  | 32976 ||| DRINKING 9 potions of heal wounds.
 32977 | Snake:2  | 32977 ||| DRINKING 8 potions of heal wounds.
 33024 | Snake:2  | 33024 ||| Stepping ~*~*~tactically~*~*~ (stealth).
 33260 | Snake:2  | 33260 ||| Stepping ~*~*~tactically~*~*~ (hiding).
 33262 | Snake:2  | 33262 ||| Stepping ~*~*~tactically~*~*~ (hiding).
 33346 | Snake:2  | 33346 ||| Stepping ~*~*~tactically~*~*~ (hiding).
 33348 | Snake:2  | 33348 ||| Stepping ~*~*~tactically~*~*~ (hiding).
 33354 | Snake:2  | 33354 ||| INVOKING Berserk.
 34064 | Snake:2  | 34064 ||| Stepping ~*~*~tactically~*~*~ (hiding).
 34106 | Snake:2  | 34106 ||| UPGRADING to +0 tower shield.
 34116 | Snake:2  | 34116 ||| DROPPING +0 kite shield of protection.
 34117 | Snake:2  | 34117 ||| DROPPING +8 chain mail of Fortification {rF+
                  | Stlth+}.
 34153 | Snake:3  | Noticed Aizul
 34154 | Snake:3  | 34154 ||| INVOKING Trog's Hand.
 34155 | Snake:3  | 34155 ||| INVOKING Brothers in Arms.
 34159 | Snake:3  | 34159 ||| INVOKING Berserk.
 34166 | Snake:3  | Killed Aizul
 34174 | Snake:3  | Noticed Vashnia
 34183 | Snake:3  | 34183 ||| INVOKING Brothers in Arms.
 34184 | Snake:3  | HP: 35/155 [naga sharpshooter/bolt[Vashnia] (13)]
 34185 | Snake:3  | 34185 ||| READING 7 scrolls of teleportation.
 34186 | Snake:3  | 34186 ||| DRINKING 7 potions of heal wounds.
 34188 | Snake:3  | 34188 ||| Stepping ~*~*~tactically~*~*~ (hiding).
 34194 | Snake:3  | 34194 ||| Stepping ~*~*~tactically~*~*~ (hiding).
 34203 | Snake:3  | 34203 ||| INVOKING Berserk.
 34204 | Snake:3  | HP: 52/232 [naga warrior/+3 scimitar (26)]
 34209 | Snake:3  | HP: 48/232 [poisoned by a naga warrior (splash of poison)]
 34347 | Snake:3  | 34347 ||| INVOKING Berserk.
 34689 | Snake:3  | 34689 ||| Stepping ~*~*~tactically~*~*~ (hiding).
 34777 | Snake:3  | 34777 ||| Stepping ~*~*~tactically~*~*~ (hiding).
 34779 | Snake:3  | 34779 ||| Stepping ~*~*~tactically~*~*~ (hiding).
 34783 | Snake:3  | 34783 ||| INVOKING Berserk.
 34819 | Snake:3  | HP: 9/155 [Vashnia/arrow (34)]
 34819 | Snake:3  | Shot with an arrow by a naga sharpshooter

Levels and vault maps discovered:
D:1:      dpeg_arrival_simpleton_b, layout_loops_ring,
          hellmonk_ecumenical_altar_pennies_from_heaven
D:2:      layout_loops_corners, serial_shops, nicolae_shop_crystal
D:3:      layout_basic, grunt_temple_overflow_growth_and_decay,
          mainiacjoe_overflow_six_doors_small, uniq_crazy_yiuf_cottage
D:4:      layout_basic, zin_angel, minmay_shop_damaged, uniq_menkaure,
          uniq_grinder
D:5:      cheibrodos_thug_alley, layout_basic, marbit_many_paths,
          nicolae_ru_great_annihilating_truth,
          yredelemnul_forgotten_temple_becter, uniq_ijyb
D:6:      layout_gridville, eat_drink_and_be_merry_uskayaw,
          dreamdust_mushroom_princess, minmay_starry_boxes
D:7:      layout_gridville, nzn_wu_jian_council_hall, minmay_temple_entry_waves,
          kb_lookout_dungeons_type
D:8:      layout_cave_pools, lemuel_crystal_altar, cheibriados_altar_1,
          lair_entry_dummy, minmay_orc_keep
D:9:      layout_roguey, nicolae_elyvilon_peaceful_grove, serial_shops, shop,
          shop, nicolae_shop_window_shopping, kennysheep_mini_moat, shop,
          serial_aquarium, aquarium_bridge_square [aquarium_subvault_bridge,
          aquarium_subvault_bridge, aquarium_subvault_wall,
          aquarium_subvault_window], aquarium_bridge_square
          [aquarium_subvault_bridge, aquarium_subvault_wall,
          aquarium_subvault_window, aquarium_subvault_bridge],
          aquarium_window_1, aquarium_window_fake, aquarium_window_3,
          aquarium_window_2, aquarium_view_2f, uniq_maurice
D:10:     layout_basic, mainiacjoe_overflow_chevrons, kennysheep_little_box,
          fungi_pond_lemuel, water_maze_lemuel
D:11:     minmay_bloctagon_deflated, layout_rooms, david_orc_3,
          hellmonk_bongcloud_opening, serial_bayou_pond_a
D:12:     layout_roguey, portal_ice_cave_entry_pillars_1
D:13:     layout_basic, david_vaults_2, nzn_ghost_randoct, uniq_urug, uniq_snorg
D:14:     minmay_complete_graph, layout_loops_cross,
          nicolae_elevator_lobby_plus, nicolae_qazlal_scattered_showers
D:15:     grunt_enter_depths_magical_seal, layout_basic, serial_bayou_shore_a
Lair:1:   layout_cellular_growth
Lair:2:   layout_gridlike, elwin_shoals_entry_rocks,
          nicolae_quartered_pool_medium, serial_bayou_shore_b, lemuel_fruit_tree
Lair:3:   lemuel_ratsnest, layout_hall_layers, guppyfry_snake_entry_island,
          basic_altar, gammafunk_lair_bear_cave, uniq_nergalle, uniq_amaemon
Lair:4:   nzn_winding_woodlands_huge [nzn_winding_woodlands_5x15_default,
          nzn_winding_woodlands_5x15_river_crossing,
          nzn_winding_woodlands_5x15_lazy_stream,
          nzn_winding_woodlands_5x15_cabin, nzn_winding_woodlands_5x15_pockets,
          nzn_winding_woodlands_5x15_crooked, nzn_winding_woodlands_5x15_parted,
          nzn_winding_woodlands_5x15_jagged,
          nzn_winding_woodlands_5x15_longhouse,
          nzn_winding_woodlands_5x15_twine,
          nzn_winding_woodlands_center_pierced_h,
          nzn_winding_woodlands_center_diamonds,
          nzn_winding_woodlands_15x15_boxy_spiral], layout_big_grid,
          st_stairs_9, uniq_nessos
Lair:5:   minmay_lair_end_enchanted_forest, layout_misc_corridors, slime_entry_1
Snake:1:  gammafunk_sealed_library, layout_concentric_octagons,
          ebering_ghost_reflecting_pool, serial_bayou_ford_a
Snake:2:  layout_chambers
Snake:3:  layout_misc_corridors, basic_altar, st_stairs_4, uniq_aizul,
          uniq_vashnia
Orc:1:    layout_diamond_mine, serial_shops, nicolae_shop_crystal
Orc:2:    st_orc_town, layout_caves, nicolae_orc_tapped_out, uniq_josephine

Skill      XL: |  1  2  3  4  5  6  7  8  9 10 11 12 13 14 15 16 |
---------------+-------------------------------------------------+-----
Axes           | 4 5 6 8 10 12 14 16 18 | 18.0
Fighting       | 5 7 8 10 12 14 15 16 17 | 17.0
Armour         | 4 5 7 8 9 11 13 14 17 18 | 18.9
Shields        | 3 9 11 13 14 15 16 | 16.6
Dodging        | 3 5 6 7 |  7.0
Throwing       | 3 7 8 |  8.0

Action                   |  1- 3 |  4- 6 |  7- 9 | 10-12 | 13-15 | 16-18 || total
-------------------------+-------+-------+-------+-------+-------+-------++-------
Melee: Hand axe          |    87 |    96 |       |       |       |       ||   183
       Headbutt          |    13 |    12 |    28 |    74 |   235 |   104 ||   466
       War axe           |       |     4 |   247 |   346 |   329 |       ||   926
       Punch             |       |       |     4 |       |       |       ||     4
       Demon whip        |       |       |       |    14 |    54 |       ||    68
       Broad axe         |       |       |       |       |   571 |   478 ||  1049
       Morningstar       |       |       |       |       |     4 |       ||     4
Throw: Boomerang         |       |       |       |       |   109 |     2 ||   111
       Javelin           |       |       |       |       |    34 |    33 ||    67
Invok: Berserk           |     1 |     3 |     8 |    25 |    35 |    13 ||    85
       Trog's Hand       |       |     2 |       |       |     5 |     6 ||    13
       Brothers in Arms  |       |       |       |       |     6 |     3 ||     9
  Use: Scroll            |     3 |     6 |     9 |     6 |    10 |     4 ||    38
       Potion            |     1 |     1 |     7 |     4 |     3 |     6 ||    22
 Stab: Invisible         |       |       |     1 |       |       |       ||     1
       Paralysed         |       |       |     1 |       |       |       ||     1
       Distracted        |       |       |       |     1 |       |     1 ||     2
Armor: Animal skin       |    16 |       |       |       |       |       ||    16
       Chain mail        |    16 |    41 |    11 |       |   120 |       ||   188
       Plate armour      |       |       |   123 |   169 |    69 |       ||   361
       Gold dragon scale |       |       |       |       |   249 |   132 ||   381
Dodge: Dodged            |    40 |    35 |    77 |   114 |   405 |   164 ||   835
Block: Kite shield       |       |       |     4 |   159 |   521 |   190 ||   874
       Tower shield      |       |       |       |       |       |    87 ||    87

Table legend:
 A = Non-vault XP
 B = Vault XP
 C = Vault XP percentage of total XP
 D = Non-vault monster count
 E = Vault monster count
 F = Vault count percentage of total count
                 A         B        C        D         E       F
            +---------+---------+-------+---------+---------+-------
      Total |  130591 |   71763 |  35.5 |     531 |     282 |  34.7
            +---------+---------+-------+---------+---------+-------
        D:1 |      45 |       0 |   0.0 |      23 |       0 |   0.0
        D:2 |      76 |       0 |   0.0 |      19 |       0 |   0.0
        D:3 |      55 |       0 |   0.0 |      11 |       0 |   0.0
        D:4 |     225 |     431 |  65.7 |      27 |       2 |   6.9
        D:5 |     488 |     415 |  46.0 |      13 |      18 |  58.1
        D:6 |    1189 |      90 |   7.0 |      20 |       2 |   9.1
        D:7 |    1924 |     106 |   5.2 |      17 |       1 |   5.6
        D:8 |    1928 |     379 |  16.4 |      17 |       9 |  34.6
        D:9 |    3929 |     449 |  10.3 |      34 |       1 |   2.9
       D:10 |    3892 |       0 |   0.0 |      30 |       0 |   0.0
       D:11 |    1328 |    2186 |  62.2 |      14 |      13 |  48.1
       D:12 |    2265 |       0 |   0.0 |      13 |       0 |   0.0
       D:13 |    9029 |    4237 |  31.9 |      19 |       5 |  20.8
       D:14 |   16973 |   19920 |  54.0 |      27 |      32 |  54.2
       D:15 |   11245 |    4622 |  29.1 |      17 |      10 |  37.0
     Lair:1 |    3239 |       0 |   0.0 |      12 |       0 |   0.0
     Lair:2 |    8068 |       0 |   0.0 |      26 |       0 |   0.0
     Lair:3 |   12142 |    4516 |  27.1 |      31 |      43 |  58.1
     Lair:4 |    7356 |   15285 |  67.5 |      20 |      39 |  66.1
     Lair:5 |    7435 |   10322 |  58.1 |      24 |      46 |  65.7
    Snake:1 |   10347 |       0 |   0.0 |      22 |       0 |   0.0
    Snake:2 |   14862 |       0 |   0.0 |      27 |       0 |   0.0
    Snake:3 |    6862 |    2757 |  28.7 |      15 |       3 |  16.7
      Orc:1 |    2548 |       3 |   0.1 |      25 |       1 |   3.8
      Orc:2 |    3141 |    6045 |  65.8 |      28 |      57 |  67.1
            +---------+---------+-------+---------+---------+-------
